Map: Yellowjacket

Players

comander

  • Race: Terran Terran
  • Spawn Location: 3:00

Huntcreature

  • Race: Protoss Protoss
  • League: Master
  • Spawn Location: 1:00

SohanSpecter - Winner!

  • Race: Zerg Zerg
  • League: Platinum
  • Spawn Location: 9:00

ElNinoPat - Winner!

  • Race: Zerg Zerg
  • Spawn Location: 7:00

VOD

Have the link to the VOD?

Description

Time

  • Played on: Jan. 25, 2025, 4:57 p.m.
  • Length: 15:25
Show
View Real Time Build Order
Export as new Build Order

comander Terran 

Build Orders:  

Get SALT Encoding   

  12  0:00  SCV  
  13  0:20  Supply Depot, SCV  
  14  0:34  SCV  
  15  0:43  Barracks  
  15  0:48  SCV  
  16  0:52  Supply Depot  
  16  1:01  SCV  
  17  1:16  Refinery x2, SCV  
  18  1:27  Barracks  
  18  1:28  SCV  
  19  1:51  Barracks Reactor  
  19  1:57  SCV  
  20  2:13  SCV  
  21  2:17  Reaper  
  21  2:20  Supply Depot  
  22  2:25  SCV  
  22  2:28  Reaper  
  22  2:29  Reaper  
  25  2:44  Factory  
  25  2:46  Supply Depot  
  25  2:49  Orbital Command  
  25  3:00  Barracks Tech Lab  
  25  3:09  Marine x2  
  27  3:13  Supply Depot  
  27  3:35  SCV  
  27  3:36  Starport  
  28  4:01  Siege Tank  
  31  4:08  Barracks Tech Lab  
  31  4:09  Marine x2  
  31  4:12  SCV  
  34  4:21  Command Center  
  34  4:27  Marine x2  
  35  4:51  Siege Tank  
  36  5:00  Marine  
  36  5:01  Marine, Marauder  
  36  5:05  Concussive Shells  
  40  5:09  Liberator  
  43  5:15  SCV  
  44  5:23  Siege Tank  
  47  5:40  Refinery  
  47  5:44  Marine  
  47  5:45  Marine  
  47  5:46  Marauder  
  51  5:55  Siege Tank  
  54  5:57  Refinery  
  54  6:00  SCV  
  54  6:02  Marine x2  
  57  6:07  Marauder  
  57  6:09  Starport  
  59  6:12  SCV  
  59  6:17  Liberator  
  63  6:24  Factory  
  63  6:29  SCV x2  
  66  6:54  SCV  
  66  6:55  SCV  
  66  6:56  Marine  
  66  6:57  Marine x2  
  70  7:13  Supply Depot x2  
  70  7:15  Supply Depot  
  70  7:34  Viking, Marauder  
  70  7:36  SCV x2  
  76  7:40  Hellion  
  78  7:45  Factory Tech Lab  
  78  7:48  SCV  
  78  7:49  Factory Reactor  
  78  7:50  Infernal Pre-Igniter  
  79  7:56  Marauder  
  78  8:01  Hellion  
  78  8:02  Starport Reactor  
  78  8:04  Viking  
  82  8:11  Fusion Core  
  82  8:15  Orbital Command  
  82  8:17  SCV  
  83  8:23  Hellion  
  85  8:29  SCV  
  85  8:30  Hellion x2  
  90  8:34  Marine  
  90  8:36  Marine  
  90  8:38  Marine  
  93  8:41  SCV  
  94  9:01  Command Center  
  94  9:42  Medivac  
  94  9:49  Hellion x2  
  94  9:51  Liberator  
  93  10:05  Supply Depot  
  93  10:07  Supply Depot  
  93  10:08  Supply Depot x2  
  93  10:12  Liberator  
  93  10:13  Hellion x2, Siege Tank  
  103  10:14  Combat Shield  
  103  10:20  Starport Tech Lab  
  103  10:23  Advanced Ballistics  
  103  10:29  Supply Depot  
  103  10:31  Supply Depot  
  103  10:34  Widow Mine x2  
  107  10:45  Hellion  
  109  10:59  Hellion  
  109  11:00  Hellion  
  109  11:01  Marine x3  
  116  11:06  Siege Tank  
  119  11:19  Marine x2  
  119  11:20  Marauder  
  123  11:33  Stimpack  
  123  11:37  Marine  
  124  11:41  Marauder  
  126  11:51  Medivac  
  126  11:52  Medivac  
  130  11:55  Liberator  
  133  12:03  Marauder  
  133  12:05  SCV  
  133  12:06  SCV x2  
  138  12:18  SCV  
  138  12:21  Liberator  
  142  12:24  Supply Depot  
  142  12:25  Supply Depot x2  
  142  12:30  Engineering Bay  
  142  12:38  Hellion  
  142  12:39  Hellion x2  
  142  12:41  Battlecruiser  
  142  12:42  Marine x3, Caduceus Reactor  
  157  13:00  Hellion, Marine x2, Siege Tank  
  157  13:05  Refinery  
  164  13:07  Barracks  
  164  13:09  Barracks  
  164  13:11  Barracks  
  164  13:32  Siege Tank  
  103  14:18  Hellion x3  
  103  14:19  Marine x3  
  112  14:26  Barracks Reactor  
  112  14:27  Barracks Reactor x2  
  99  14:36  Marine  
  99  14:37  Marine x2  
  72  14:54  Marine x2  
  72  14:55  Marauder  
  76  15:01  Hellion x3  
Show
View Real Time Build Order
Export as new Build Order

Huntcreature Protoss 

Build Orders: Carriers, Chargelot Immortal 

Get SALT Encoding   

  12  0:00  Probe  
  13  0:12  Probe  
  14  0:18  Pylon  
  14  0:24  Probe  
  15  0:32  Probe  
  15  0:39  Gateway  
  15  0:40  Probe  
  16  0:47  Assimilator  
  17  0:51  Probe  
  18  1:01  Probe  
  19  1:09  Probe  
  19  1:17  Probe  
  21  1:32  Cybernetics Core  
  21  1:35  Pylon  
  21  1:47  Nexus  
  21  1:56  Probe  
  21  1:59  Zealot  
  24  2:01  Assimilator  
  24  2:11  Warp Gate  
  24  2:13  Probe  
  25  2:22  Twilight Council  
  25  2:25  Probe  
  25  2:28  Zealot  
  28  2:48  Probe  
  29  2:55  Gateway  
  29  2:57  Gateway  
  29  3:04  Robotics Facility  
  29  3:06  Charge  
  29  3:10  Zealot  
  31  3:17  Probe  
  31  3:18  Probe  
  33  3:30  Probe x2  
  35  3:42  Probe x2, Zealot  
  39  3:54  Warp Prism, Probe x2  
  43  4:05  Pylon  
  43  4:06  Probe x2  
  45  4:13  Gateway  
  45  4:19  Probe  
  45  4:23  Probe  
  47  4:24  Zealot  
  47  4:25  Pylon, Zealot  
  51  4:36  Zealot  
  51  4:38  Probe  
  54  4:41  Pylon  
  54  4:43  Probe  
  54  4:44  Pylon  
  55  5:00  Probe x2  
  55  5:07  Assimilator  
  57  5:10  Pylon, Assimilator  
  57  5:12  Pylon, Probe  
  58  5:15  Templar Archives, Robotics Bay  
  50  5:42  Zealot  
  46  5:43  Zealot x3  
  50  5:54  Immortal  
  50  6:01  Robotics Facility  
  50  6:02  Robotics Facility  
  46  6:07  Stargate  
  46  6:16  Probe x2  
  48  6:26  Stargate  
  48  6:28  Probe x2  
  50  6:40  High Templar, Probe x2  
  50  6:42  Zealot x3  
  68  7:16  Void Ray x2  
  68  7:34  Nexus  
  68  7:35  Pylon  
  68  7:37  Pylon  
  68  7:41  Assimilator  
  68  7:42  Fleet Beacon  
  68  7:43  Immortal, Assimilator  
  80  7:59  Probe  
  80  8:00  Probe, Void Ray  
  80  8:01  Void Ray  
  82  8:07  Probe  
  82  8:08  Probe  
  84  8:15  Probe  
  84  8:16  Probe  
  85  8:26  Immortal  
  85  8:27  Immortal, Probe  
  95  8:37  Carrier  
  101  8:44  Probe  
  101  8:45  Probe  
  103  8:51  Probe  
  104  8:56  Carrier, Probe  
  110  9:04  Probe x2  
  110  9:09  Probe  
  113  9:14  Shield Battery  
  113  9:15  Shield Battery  
  113  9:16  Probe x2  
  113  9:17  Shield Battery  
  115  9:19  Shield Battery  
  115  9:20  Blink  
  115  9:21  Shield Battery  
  115  9:22  Shield Battery  
  115  9:28  Pylon  
  115  9:31  Pylon  
  115  9:41  Carrier  
  115  9:45  Nexus  
  121  9:51  Protoss Air Weapons Level 1  
  121  9:55  Forge  
  121  10:02  Carrier  
  127  10:08  Probe x3  
  130  10:18  Assimilator  
  130  10:20  Probe x2  
  130  10:21  Probe  
  133  10:22  Assimilator  
  133  10:26  Pylon  
  133  10:29  Pylon  
  133  10:30  Immortal, Pylon  
  133  10:31  Immortal  
  133  10:33  Pylon  
  141  10:55  Carrier  
  147  11:05  Photon Cannon  
  147  11:06  Photon Cannon  
  147  11:09  Photon Cannon  
  147  11:10  Photon Cannon  
  147  11:13  Photon Cannon  
  147  11:15  Photon Cannon  
  147  11:17  Photon Cannon  
  147  11:19  Shield Battery  
  147  11:21  Shield Battery  
  147  11:24  Carrier, Shield Battery  
  153  11:28  Shield Battery  
  153  11:29  Protoss Shields Level 1  
  153  11:30  Shield Battery  
  153  11:42  Immortal, Colossus  
  163  11:47  Probe  
  163  11:48  Probe x3  
  167  11:54  Protoss Air Armor Level 1  
  167  11:59  Probe  
  167  12:00  Pylon  
  168  12:05  Carrier  
  168  12:08  High Templar x4  
  176  12:14  Psionic Storm  
  182  12:16  Extended Thermal Lance  
  182  12:35  Carrier  
  188  12:59  Stargate  
  188  13:00  Stargate  
  188  13:01  Stargate  
  171  13:26  Probe  
  171  13:27  Probe x3  
  175  13:38  Probe  
  175  13:39  Probe x3  
  175  13:41  Observer  
  168  14:01  Mothership  
  118  14:04  Carrier x3  
  136  14:16  Carrier  
  142  14:19  Zealot x4  
  123  15:09  Zealot x3  
  123  15:10  Zealot  
Show
View Real Time Build Order
Export as new Build Order

SohanSpecter Zerg - Winner!

Build Orders: Hatch First 

Get SALT Encoding   

  12  0:08  Overlord  
  12  0:18  Drone x2  
  14  0:27  Drone  
  15  0:30  Drone  
  16  0:42  Drone  
  17  0:57  Drone  
  17  1:03  Drone  
  19  1:05  Hatchery  
  18  1:14  Spawning Pool  
  18  1:17  Extractor  
  16  1:18  Drone  
  17  1:29  Drone  
  18  1:36  Drone  
  19  1:48  Drone  
  19  1:49  Hatchery  
  19  2:01  Queen  
  21  2:09  Drone, Overlord  
  22  2:21  Queen  
  24  2:29  Metabolic Boost  
  24  2:31  Drone  
  24  2:37  Drone  
  26  2:51  Drone x2  
  26  2:52  Drone x3  
  31  3:04  Queen  
  33  3:06  Drone  
  33  3:12  Drone x2  
  36  3:13  Drone  
  37  3:21  Queen  
  39  3:30  Queen  
  41  3:54  Drone, Overlord x3  
  42  4:00  Overlord x2  
  42  4:03  Lair  
  42  4:14  Pneumatized Carapace  
  40  4:31  Zergling x8  
  40  4:32  Zergling x4  
  46  4:40  Zergling x6  
  49  4:53  Drone x6  
  49  4:54  Drone x4  
  59  5:09  Extractor  
  59  5:11  Spine Crawler  
  59  5:13  Spine Crawler  
  56  5:15  Drone  
  56  5:16  Drone x5  
  62  5:22  Baneling Nest  
  62  5:23  Extractor  
  60  5:33  Spine Crawler  
  59  5:48  Zergling x2  
  59  5:49  Zergling x18  
  69  6:02  Drone  
  69  6:03  Drone x2  
  72  6:11  Drone x3  
  75  6:19  Extractor  
  75  6:22  Spore Crawler  
  73  6:29  Hatchery  
  73  6:31  Spore Crawler  
  73  6:32  Spore Crawler  
  70  6:34  Spore Crawler  
  70  6:36  Drone  
  70  6:37  Drone x5  
  75  6:44  Drone x3  
  75  6:45  Drone x2  
  80  6:47  Overlord  
  80  6:48  Overlord x3  
  80  6:54  Centrifugal Hooks  
  80  6:56  Drone  
  81  7:08  Drone  
  82  7:09  Drone x5  
  82  7:13  Baneling x13  
  87  7:18  Evolution Chamber  
  87  7:19  Drone x3  
  87  7:20  Evolution Chamber x2, Drone x3  
  90  7:24  Spore Crawler  
  83  8:04  Zerg Ground Armor Level 1, Zerg Missile Weapons Level 1  
  83  8:05  Infestation Pit  
  82  8:06  Drone x7, Zerg Melee Weapons Level 1  
  82  8:07  Drone x4  
  82  8:11  Extractor  
  92  8:13  Spore Crawler  
  92  8:14  Extractor  
  92  8:15  Drone x4  
  94  8:24  Zergling x2  
  94  8:25  Zergling x10  
  100  8:33  Overlord x2  
  100  8:44  Drone x9  
  100  8:45  Drone  
  110  9:00  Drone x5, Spore Crawler  
  110  9:01  Drone x4  
  118  9:07  Overlord x2  
  118  9:31  Zergling x2  
  118  9:32  Overlord x3  
  118  9:33  Overlord x3  
  118  9:37  Spine Crawler  
  118  9:38  Spine Crawler  
  113  9:56  Drone x12  
  125  10:01  Zerg Missile Weapons Level 2  
  125  10:02  Zerg Ground Armor Level 2  
  125  10:03  Zerg Melee Weapons Level 2  
  125  10:05  Hive  
  125  10:07  Overseer x5  
  125  10:12  Extractor  
  125  10:13  Drone x3  
  125  10:14  Extractor, Drone x7  
  133  10:22  Hatchery  
  133  10:27  Overlord x4  
  132  10:50  Spire x2  
  130  10:59  Spore Crawler  
  130  11:03  Spore Crawler  
  128  11:06  Spore Crawler x2  
  128  11:08  Spore Crawler  
  125  11:30  Zergling x10  
  125  11:31  Zergling x6  
  125  11:32  Adrenal Glands  
  133  11:36  Overlord x4  
  133  11:38  Ultralisk Cavern  
  132  11:43  Zergling x4  
  132  11:44  Zergling x16  
  142  11:48  Spore Crawler  
  142  11:51  Spore Crawler  
  142  11:53  Spore Crawler  
  139  12:06  Corruptor  
  139  12:07  Corruptor x14  
  169  12:14  Corruptor  
  171  12:21  Zerg Flyer Weapons Level 1  
  171  12:22  Zerg Flyer Armor Level 1  
  171  12:24  Zerg Ground Armor Level 3, Zerg Missile Weapons Level 3  
  171  12:25  Zerg Melee Weapons Level 3  
  171  12:26  Anabolic Synthesis  
  171  12:44  Corruptor  
  171  12:45  Extractor, Corruptor x4  
  171  12:46  Corruptor  
  171  12:49  Extractor  
  176  13:08  Chitinous Plating  
  166  13:14  Corruptor x6  
  169  13:40  Corruptor x5  
  165  14:04  Corruptor  
  165  14:05  Corruptor x4  
  167  14:50  Corruptor x2  
  167  14:51  Corruptor x8  
Show
View Real Time Build Order
Export as new Build Order

ElNinoPat Zerg - Winner!

Build Orders: Hatch First, Lurkers, Roach Hydra 

Get SALT Encoding   

  12  0:10  Drone  
  12  0:13  Overlord  
  13  0:17  Drone  
  14  0:32  Drone x2  
  16  0:53  Drone  
  16  0:55  Drone, Hatchery  
  17  1:06  Drone  
  17  1:10  Extractor  
  17  1:20  Drone, Spawning Pool  
  17  1:31  Drone  
  18  1:53  Drone  
  18  1:54  Drone  
  20  2:06  Queen  
  20  2:07  Hatchery  
  21  2:13  Queen  
  23  2:17  Drone  
  24  2:23  Metabolic Boost  
  24  2:27  Drone  
  25  2:33  Overlord  
  25  2:42  Drone  
  26  2:46  Drone  
  26  2:47  Drone  
  28  2:55  Drone  
  28  2:56  Drone x2  
  31  3:04  Overlord  
  31  3:07  Drone  
  31  3:11  Zergling x2  
  33  3:19  Spine Crawler  
  32  3:24  Queen  
  34  3:43  Drone x3  
  34  3:44  Drone x2  
  39  3:58  Drone  
  39  4:01  Drone x2  
  42  4:12  Drone x2  
  42  4:13  Lair  
  42  4:14  Overlord x2  
  44  4:18  Drone x2, Roach Warren  
  44  4:19  Extractor, Drone  
  44  4:22  Drone x5  
  48  4:59  Roach x9  
  66  5:01  Overlord  
  66  5:02  Overlord  
  66  5:13  Spine Crawler  
  65  5:15  Evolution Chamber x2  
  61  5:28  Roach  
  61  5:29  Roach x9  
  77  5:54  Queen  
  77  5:56  Glial Reconstitution  
  76  5:59  Drone x3  
  76  6:00  Drone  
  76  6:02  Drone x2  
  76  6:03  Overlord x2  
  82  6:09  Extractor  
  82  6:10  Zerg Missile Weapons Level 1  
  81  6:11  Extractor  
  80  6:25  Drone x7  
  87  6:39  Spore Crawler  
  86  6:41  Spore Crawler  
  86  6:46  Spore Crawler  
  84  6:50  Spore Crawler  
  84  6:52  Drone x2  
  84  6:53  Drone x2, Overlord x2, Spore Crawler  
  86  7:04  Drone x2  
  86  7:05  Drone x2  
  90  7:13  Spore Crawler  
  89  7:19  Hydralisk Den  
  89  7:22  Extractor, Drone x3  
  90  7:23  Drone  
  90  7:24  Extractor, Drone x2  
  90  7:25  Drone x3  
  95  7:43  Overlord x2  
  95  7:48  Queen  
  97  7:58  Hydralisk x3  
  97  7:59  Hydralisk x5  
  97  8:01  Overlord  
  97  8:02  Overlord x2  
  97  8:04  Zerg Ground Armor Level 1  
  113  8:07  Muscular Augments  
  113  8:09  Overlord x3  
  113  8:24  Queen  
  115  8:27  Hydralisk x2  
  115  8:28  Hydralisk x5  
  115  8:29  Hydralisk  
  131  8:34  Drone x2  
  131  8:35  Drone x2  
  135  8:43  Infestation Pit  
  135  8:45  Lurker Den  
  133  8:58  Hatchery  
  133  8:59  Zerg Missile Weapons Level 2  
  132  9:07  Overlord x2  
  132  9:11  Grooved Spines  
  133  9:17  Drone x11  
  143  9:46  Overlord x2  
  143  9:47  Hydralisk x2  
  143  9:48  Hydralisk x5  
  157  9:53  Hive  
  157  10:10  Extractor  
  157  10:13  Extractor  
  155  10:21  Zerg Ground Armor Level 2  
  155  10:26  Drone x3  
  155  10:27  Drone x3  
  161  10:41  Hatchery  
  160  11:19  Spore Crawler x2  
  160  11:20  Spore Crawler x3  
  160  11:21  Hydralisk x6  
  160  11:22  Hydralisk x4  
  175  11:42  Lurker x5  
  175  11:43  Lurker x8  
  175  11:44  Lurker x2  
  175  11:45  Hydralisk  
  175  11:46  Hydralisk x4  
  200  11:51  Overseer  
  200  12:03  Seismic Spines  
  200  12:32  Zerg Missile Weapons Level 3  
  200  12:43  Extractor  
  199  12:56  Hatchery  
  198  13:00  Adaptive Talons  
  198  13:17  Hatchery  
  147  14:03  Hydralisk  
  147  14:04  Hydralisk x9  
  147  14:05  Hydralisk x8  
  147  14:08  Lurker x8  
  147  14:09  Lurker x6  
Tags
 
Add a new tag
Caveats
  • Supply blocks, unpowered buildings, or Contaminate may cause inaccurate times.
  • Supply counts are checked every 10 seconds.